 Dungeon Crawl Stone Soup version 0.20.1-1-g8b1a95d (webtiles) character file.

28920 Lanoc the Fighter (level 13, -5/141 HPs)
             Began as an Ogre Berserker on Dec 1, 2017.
             Was a High Priest of Trog.
             Slain by a red devil
             ... wielding a +1 demon trident of freezing
             ... summoned by an orc sorcerer
             ... led by an orc warlord
              (14 damage)
             ... on level 2 of the Orcish Mines.
             The game lasted 01:13:47 (12388 turns).

Lanoc the Fighter (Ogre Berserker)                 Turns: 12388, Time: 01:13:48

Health: -5/141     AC:  7    Str: 32      XL:     13   Next: 41%
Magic:  0/13       EV: 14    Int:  7 (8)  God:    Trog [*****.]
Gold:   1148       SH: 11    Dex: 11      Spells: 12/12 levels left

rFire    x . .     SeeInvis +   g - +11 war axe of Gloom {venom, Dex+3}
rCold    + + .     Gourm    .   m - +0 shield
rNeg     + + .     Faith    .   y - +2 robe {rC+}
rPois    +         Spirit   +   d - +2 hat {SInv}
rElec    +         Reflect  .   D - scarf {Spirit}
rCorr    .         Harm     .   (gloves unavailable)
MR       ++...                  (boots unavailable)
Stlth    ++........             v - amulet of regeneration
Regen    0.8/turn               o - ring "Ycoul" {Ice *Contam rN++ MR+ Str+4}
MPRegen  0.2/turn               i - ring "Nubois" {*Slow rElec rPois EV+1 Stlth+}

@: about to teleport, berserk cooldown, slowed, drained, very slow
A: unfitting armour, tough skin 1
a: Berserk, Trog's Hand, Brothers in Arms, Burn Spellbooks, Renounce Religion


You were on level 2 of the Orcish Mines.
You worshipped Trog.
Trog was extremely pleased with you.
You were not hungry.

You visited 2 branches of the dungeon, and saw 15 of its levels.
You also visited: Bailey.

You collected 1148 gold pieces.

Inventory:

Hand Weapons
 g - the +11 war axe of Gloom (weapon) {venom, Dex+3}
   (You found it on level 4 of the Dungeon)

   It poisons the flesh of those it strikes.
   It affects your dexterity (+3).
 u - the +3 demon whip "Ixirunk" {elec, rElec Int+2}
   (Trog gifted it to you on level 9 of the Dungeon)

   Occasionally, upon striking a foe, it will discharge some electrical energy
   and cause terrible harm.
   It affects your intelligence (+2).
   It insulates you from electricity.
Missiles
 h - 30 tomahawks of returning (quivered)
 k - 22 tomahawks
 z - 5 exploding tomahawks
 C - 7 javelins
 E - a throwing net
 Q - 7 silver javelins
 R - 3 javelins of returning
 Z - 11 large rocks
Armour
 d - a +2 hat of see invisible (worn)
 m - a +0 shield (worn)
 y - a +2 robe of cold resistance (worn)
 D - a scarf of spirit shield (worn)
 F - a +0 cloak
Jewellery
 i - the ring "Nubois" (right hand) {*Slow rElec rPois EV+1 Stlth+}
   (You acquired it on level 8 of the Dungeon)

   [ring of evasion]

   It affects your evasion (+1).
   It insulates you from electricity.
   It protects you from poison.
   It may slow you when you take damage.
   It makes you more stealthy.
 o - the ring "Ycoul" (left hand) {Ice *Contam rN++ MR+ Str+4}
   (You found it on level 8 of the Dungeon)

   [ring of ice]

   It enhances your ice magic.
   It affects your strength (+4).
   It makes you vulnerable to fire.
   It protects you from cold.
   It greatly protects you from negative energy.
   It affects your resistance to hostile enchantments.
   It causes magical contamination when unequipped.
 v - an amulet of regeneration (around neck)
 M - a +2 amulet of reflection
Wands
 a - a wand of enslavement (15/24)
 b - a wand of lightning (6/15)
 n - a wand of clouds (1/9)
 I - a wand of enslavement (6/24)
 J - a wand of paralysis (10/24)
 O - a wand of paralysis (7/24)
 U - a wand of lightning (12/15)
Scrolls
 e - 7 scrolls of remove curse
 f - a scroll of fog
 j - 18 scrolls of identify
 q - a scroll of enchant weapon
 s - 2 scrolls of teleportation
 t - 2 scrolls of blinking
 G - 2 scrolls of magic mapping
 N - 2 scrolls of fear
 X - a scroll of enchant armour
Potions
 l - 6 potions of curing
 w - 2 potions of agility
 x - 2 potions of haste
 B - 2 potions of brilliance
 H - 2 potions of magic
 K - a potion of heal wounds
Miscellaneous
 T - a phantom mirror
Comestibles
 c - 11 bread rations
 p - 3 royal jellies
 r - 6 meat rations
 A - 2 fruits
 L - 9 chunks of flesh


   Skills:
 + Level 12.7(12.6) Fighting
 + Level 3.4(7.0) Axes
   Level 12.4(12.6) Polearms
 + Level 9.3(9.2) Throwing
 - Level 0.7(0.6) Armour
 + Level 9.3(9.1) Dodging
 + Level 7.5(7.3) Shields


You had 12 spell levels left.
You didn't know any spells.

Dungeon Overview and Level Annotations

Branches:
Dungeon (13/15)            Temple (0/1) D:7            Lair (0/6) D:11
    Orc (2/2) D:9
    Elf: Orc:2       Vaults: D:13-14

Altars:
Ashenzari
Cheibriados
Dithmenos
Hepliaklqana
Kikubaaqudgha
Makhleb
Nemelex Xobeh
Qazlal
Trog
Uskayaw
Vehumet
Xom
Zin
Beogh

Shops:
D:8 (   D:12 !*?[%

Annotations:
D:9 exclusion: obsidian statue
Orc:2 1 runed door, exclusion: 4 orange crystal statues


Innate Abilities, Weirdness & Mutations

You are too large for most types of armour.
You have tough skin. (AC +1)


Message History

You block the orc warrior's attack.
An orc warlord comes into view. It is wielding a war axe of venom.
You feel much better. You block the warg's attack.
The orc sorcerer hits you with a dagger.
You block the red devil's attack. The orc warrior misses you.
The troll barely misses you. You block the troll's attack. The troll claws you!
* * * LOW HITPOINT WARNING * * *
The orc high priest calls down the wrath of Beogh upon you.
Beogh smites you!
* * * LOW HITPOINT WARNING * * *
The orc knight hits you with a war axe!
* * * LOW HITPOINT WARNING * * *
The warg closely misses you.
The orc sorcerer hits you with a dagger.
* * * LOW HITPOINT WARNING * * *
The orc warrior misses you.
The orc wizard mumbles some strange words.
The orc wizard seems to speed up.
The red devil hits you from afar with a demon trident of freezing!
You die...

............##.......#
................#.##
..........##.#....#
.......#.)(####....#
....#.#...## ###..#
#....†..# ...#
##..$4.## .## #..ho.##
#.o.@o# #8oTo8#


#ooooo# #..ooo# ..o.oooo #.......o. . .. ...o....... .... ............ #... You
could see an orc warlord (wandering), an orc knight, an orc high priest, a
troll, a warg, an orc sorcerer, a red devil, 7 orc warriors, an orc priest, 4
orc wizards and 4 orcs.

Vanquished Creatures
  An orc warlord (Bailey)
  Erolcha (D:11)
  The ghost of birkhead the Fighter, a journeyman VSFi of Uskayaw (D:12)
  Erica (D:8)
  5 two-headed ogres
  An orc high priest (Orc:1)
  Nergalle (D:11)
  2 unseen horrors (D:11)
  Pikel (D:4)
  2 orc knights (Orc:2)
  An ugly thing (D:13)
  A salamander (shapeshifter) (D:13)
  A manticore (D:11)
  The ghost of Haldmier the Insei, a novice OpTm of Makhleb (D:6)
  10 slime creatures (D:13)
  2 centaur zombies
  An elephant (shapeshifter) (D:10)
  A cyclops (D:12)
  Joseph (D:8)
  Psyche (D:11)
  Grinder (D:5)
  A hornet (D:13)
  2 hippogriffs
  3 wyverns (D:10)
  Eustachio (D:4)
  A hungry ghost (D:9)
  Grum (D:11)
  13 yaks
  Menkaure (D:4)
  2 wargs
  A soldier ant (D:13)
  Duvessa (D:6)
  22 orc warriors
  3 sky beasts
  A slave (D:4)
  4 ice beasts
  7 ogres
  A phantom (D:10)
  An eye of draining (D:12)
  4 wolves (D:11)
  2 necrophages
  8 centaurs
  2 crocodiles
  3 big kobolds
  6 bullfrogs
  A gnoll sergeant (D:8)
  A wyvern zombie (D:12)
  3 scorpions
  Dowan (D:6)
  16 killer bees
  13 wights
  3 electric eels
  5 crimson imps
  2 bullfrog zombies
  3 jellies
  A bullfrog skeleton (D:10)
  2 centaur skeletons
  4 hounds
  13 orc priests
  15 orc wizards
  3 iguanas
  Ijyb (D:4)
  7 worker ants
  A hound zombie (D:9)
  A hound skeleton (D:8)
  2 worker ant zombies
  5 gnolls
  18 adders
  3 shadow imps
  An ooze (D:2)
  An adder zombie (D:5)
  2 worms (D:3)
  2 dart slugs (D:1)
  7 leopard geckos
  70 orcs
  2 ball pythons
  4 bats
  5 giant cockroaches
  11 goblins
  6 hobgoblins
  16 jackals
  3 quokkas
  2 frilled lizards (D:3)
  A jackal skeleton (D:7)
  37 kobolds
  7 rats
  2 plants (D:8)
431 creatures vanquished.

Vanquished Creatures (others)
  An orc priest (D:4)
  An orc wizard (D:4)
  3 orcs
  A plant (D:8)
6 creatures vanquished.

Grand Total: 437 creatures vanquished

Notes
Turn   | Place    | Note
-------+----------+-------------------------------------------
     0 | D:1      | Lanoc the Ogre Berserker began the quest for the Orb.
     0 | D:1      | Reached XP level 1. HP: 24/24 MP: 1/1
   290 | D:1      | Reached XP level 2. HP: 32/32 MP: 2/2
   843 | D:2      | Reached XP level 3. HP: 40/40 MP: 3/3
   934 | D:2      | Found a stormy altar of Qazlal.
  1337 | D:2      | Reached ** piety under Trog
  1412 | D:2      | Found a bloodstained altar of Trog.
  1441 | D:2      | Reached XP level 4. HP: 38/49 MP: 4/4
  1446 | D:2      | Reached skill level 1 in Throwing
  1535 | D:2      | Found a burning altar of Makhleb.
  2133 | D:3      | Reached XP level 5. HP: 37/55 MP: 5/5
  2641 | D:3      | Found a hide-covered altar of Uskayaw.
  2863 | D:4      | Got a translucent war axe
  2874 | D:4      | Identified the +11 war axe of Gloom {venom, Dex+3} (You found it on level 4 of the Dungeon)
  2890 | D:4      | Noticed a slave
  2891 | D:4      | Noticed Pikel
  2891 | D:4      | Noticed a slave
  2892 | D:4      | Noticed a slave
  2919 | D:4      | Killed a slave
  2923 | D:4      | Killed Pikel
  2923 | D:4      | Reached skill level 5 in Polearms
  2923 | D:4      | Reached XP level 6. HP: 23/67 MP: 6/6
  2923 | D:4      | Reached XP level 7. HP: 26/75 MP: 7/7
  2929 | D:4      | Found a shadowy altar of Dithmenos.
  2932 | D:4      | Noticed Eustachio
  2974 | D:4      | Killed Eustachio
  2997 | D:4      | Found a hazy altar of Hepliaklqana.
  3004 | D:4      | Found a radiant altar of Vehumet.
  3055 | D:4      | Reached XP level 8. HP: 39/84 MP: 8/8
  3245 | D:4      | Noticed Ijyb
  3255 | D:4      | Reached *** piety under Trog
  3257 | D:4      | Killed Ijyb
  3354 | D:4      | Noticed Menkaure
  3363 | D:4      | Killed Menkaure
  3503 | D:4      | Found a bloodstained altar of Trog.
  3504 | D:4      | Found a snail-covered altar of Cheibriados.
  3566 | D:5      | Entered Level 5 of the Dungeon
  3655 | D:5      | Found a shattered altar of Ashenzari.
  3836 | D:5      | Noticed Grinder
  3841 | D:5      | Reached skill level 5 in Dodging
  3850 | D:5      | Killed Grinder
  4054 | D:5      | Found an ancient bone altar of Kikubaaqudgha.
  4177 | D:5      | Reached XP level 9. HP: 93/93 MP: 9/9
  4358 | D:6      | Found a shimmering altar of Xom.
  4363 | D:6      | Noticed Dowan
  4379 | D:6      | Noticed Duvessa
  4381 | D:6      | Killed Dowan
  4388 | D:6      | Killed Duvessa
  4388 | D:6      | Reached skill level 1 in Shields
  4525 | D:6      | Noticed Haldmier's ghost (novice OpTm)
  4530 | D:6      | Killed Haldmier's ghost
  4530 | D:6      | Reached skill level 5 in Throwing
  4693 | D:6      | Found a sparkling altar of Nemelex Xobeh.
  5032 | D:7      | Found a staircase to the Ecumenical Temple.
  5034 | D:7      | Received a gift from Trog
  5083 | D:7      | Reached **** piety under Trog
  5276 | D:7      | Reached XP level 10. HP: 96/107 MP: 10/10
  5306 | D:7      | Found Vissufid's Magic Scroll Shoppe.
  5449 | D:7      | Received a gift from Trog
  5958 | D:8      | Identified a scroll of acquirement
  5959 | D:8      | Got a twitching glass ring
  5960 | D:8      | Identified the ring "Nubois" {*Slow rElec rPois EV+1 Stlth+} (You acquired it on level 8 of the Dungeon)
  6102 | D:8      | Got a bound ivory ring
  6111 | D:8      | Identified the ring "Ycoul" {Ice *Contam rN++ MR+ Str+4} (You found it on level 8 of the Dungeon)
  6188 | D:8      | Reached ***** piety under Trog
  6517 | D:8      | Found Oraplih's Weapon Boutique.
  6530 | D:8      | Found a glowing silver altar of Zin.
  6580 | D:8      | Noticed Erica
  6589 | D:8      | Killed Erica
  6658 | D:8      | Noticed a two-headed ogre
  6662 | D:8      | Killed a two-headed ogre
  6662 | D:8      | Reached skill level 10 in Polearms
  6744 | D:8      | Reached skill level 10 in Fighting
  6799 | D:8      | Noticed Joseph
  6808 | D:8      | Killed Joseph
  6808 | D:8      | Reached XP level 11. HP: 107/117 MP: 11/11
  7020 | D:9      | Found a roughly hewn altar of Beogh.
  7020 | D:9      | Found a staircase to the Orcish Mines.
  7066 | D:9      | Received a gift from Trog
  7076 | D:9      | Got a scorched demon whip {god gift}
  7185 | D:9      | Identified the +3 demon whip "Ixirunk" {elec, rElec Int+2} (Trog gifted it to you on level 9 of the Dungeon)
  7357 | D:9      | Noticed an obsidian statue
  7660 | D:9      | Noticed a soul eater
  8098 | D:10     | Entered Level 10 of the Dungeon
  8404 | D:10     | Noticed a two-headed ogre
  8409 | D:10     | Received a gift from Trog
  8415 | D:10     | Killed a two-headed ogre
  8415 | D:10     | Reached skill level 5 in Shields
  8890 | D:11     | Noticed Nergalle
  8905 | D:11     | Killed Nergalle
  8909 | D:11     | Noticed Psyche
  8923 | D:11     | Killed Psyche
  8996 | D:11     | Noticed a manticore
  9002 | D:11     | Killed a manticore
  9137 | D:11     | Killed an unseen horror
  9137 | D:11     | Reached XP level 12. HP: 109/130 MP: 12/12
  9154 | D:11     | Noticed Erolcha
  9158 | D:11     | Paralysed by Erolcha for 6 turns
  9168 | D:11     | Killed Erolcha
  9168 | D:11     | Received a gift from Trog
  9201 | D:11     | Found a staircase to the Lair.
  9252 | D:11     | Noticed Grum
  9266 | D:11     | Killed Grum
  9847 | D:12     | Found Kemirgh's General Store.
  9847 | D:12     | Found Qaawim's Antique Armour Boutique.
  9847 | D:12     | Found Resypiw's Magic Scroll Boutique.
  9899 | D:12     | Reached skill level 1 in Axes
  9977 | D:12     | Noticed a two-headed ogre
  9987 | D:12     | Killed a two-headed ogre
 10019 | D:12     | Found Goziufic's Distillery.
 10058 | D:12     | Noticed birkhead's ghost (journeyman VSFi)
 10075 | D:12     | Killed birkhead's ghost
 10200 | D:12     | Found Pukloj's Food Shoppe.
 10360 | D:12     | You fall through a shaft!
 10378 | D:13     | Noticed a two-headed ogre
 10385 | D:13     | Killed a two-headed ogre
 10407 | D:13     | Noticed a two-headed ogre
 10413 | D:13     | Killed a two-headed ogre
 10429 | D:13     | Found a flagged portal.
 10450 | Bailey   | Entered a bailey
 10460 | Bailey   | Noticed an orc warlord
 10572 | Bailey   | Found a runed gate.
 10572 | Bailey   | Found a runed gate.
 10572 | Bailey   | Found a runed gate.
 10647 | Bailey   | Killed an orc warlord
 10872 | D:13     | Reached XP level 13. HP: 101/140 MP: 13/13
 11375 | D:13     | Received a gift from Trog
 11804 | Orc:1    | Entered Level 1 of the Orcish Mines
 11939 | Orc:1    | Received a gift from Trog
 12099 | Orc:2    | Entered Level 2 of the Orcish Mines
 12099 | Orc:2    | Found a runed door.
 12115 | Orc:2    | Found a runed door.
 12157 | Orc:2    | Noticed an orc warlord
 12388 | Orc:2    | Noticed an orc warlord
 12388 | Orc:2    | Slain by a red devil

Skill      XL: |  1  2  3  4  5  6  7  8  9 10 11 12 13 |
---------------+----------------------------------------+-----
Dodging        | 3 4 5 6 7 8 9 |  9.3
Throwing       | 1 3 4 5 6 7 8 9 |  9.3
Polearms       | 4 5 6 7 8 10 11 12 | 12.4
Fighting       | 6 7 9 10 11 12 | 12.7
Shields        | 2 4 5 6 7 |  7.5
Axes           | 2 3 |  3.4
Armour         | |  0.7

Action                   |  1- 3 |  4- 6 |  7- 9 | 10-12 | 13-15 || total
-------------------------+-------+-------+-------+-------+-------++-------
Melee: Spear             |   119 |   183 |       |       |       ||   302
       War axe           |       |     7 |   161 |   511 |   131 ||   810
Throw: Tomahawk          |     2 |     6 |       |    25 |     4 ||    37
       Javelin           |       |       |       |     3 |       ||     3
Invok: Berserk           |       |       |     3 |     3 |     3 ||     9
       Burn Spellbooks   |       |       |       |     7 |     1 ||     8
  Use: Scroll            |       |     8 |       |     8 |     6 ||    22
       Potion            |       |     6 |       |     8 |     3 ||    17
 Stab: Distracted        |       |     1 |       |       |       ||     1
       Sleeping          |       |       |     1 |     7 |     3 ||    11
  Eat: Chunk             |     2 |     3 |    11 |    23 |     3 ||    42
       Royal jelly       |       |     1 |       |       |       ||     1
       Fruit             |       |       |       |     1 |       ||     1
       Meat ration       |       |       |       |       |     1 ||     1
Armor: Animal skin       |    21 |    41 |    47 |    55 |       ||   164
       Robe              |       |       |       |    31 |    23 ||    54
Dodge: Dodged            |    33 |    60 |    69 |   257 |   104 ||   523
Block: Shield            |    30 |    53 |    73 |   287 |   102 ||   545
